 Dungeon Crawl Stone Soup version 0.25-a0-513-ge77a69270c (webtiles) character file.

Game seed: 3337007514114294652, levelgen mode: deterministic

6442 ReteAZ the Thaumaturge (level 10, -11/76 HPs)
             Began as a Gnoll Wanderer on Feb 16, 2020.
             Was a Priest of Cheibriados.
             Killed by the air
             ... invoked by Gastronok
              (18 damage)
             ... on level 10 of the Dungeon.
             The game lasted 00:22:35 (11510 turns).

ReteAZ the Thaumaturge (Gnoll Wanderer)            Turns: 11510, Time: 00:22:36

Health: -11/76     AC: 18    Str: 25    XL:     10   Next: 99%
Magic:  15/15      EV: 15    Int: 28    God:    Cheibriados [***...]
Gold:   613        SH:  0    Dex: 21    Spells: 29/30 levels left

rFire    . . .     SeeInvis .   M - +8 battleaxe of Jaisel {vorpal, rPois rN+ Str-2 Int+7}
rCold    . . .     Gourm    +   (shield currently unavailable)
rNeg     + + +     Faith    .   y - +2 ring mail {MR+}
rPois    +         Spirit   .   q - +2 helmet
rElec    +         Reflect  .   u - +2 cloak {+Inv}
rCorr    .         Harm     .   C - +1 pair of gloves
MR       +....                  h - +0 pair of boots
Stlth    +++.......             v - amulet of the gourmand
HPRegen  0.22/turn              a - ring of positive energy
MPRegen  0.14/turn              L - ring of Jickuex {rElec rPois rN+ MP-9 Str+4}

@: very slow
A: distributed training, fangs 1, strong nose
a: Bend Time, Temporal Distortion, Renounce Religion, Evoke Invisibility


You were on level 10 of the Dungeon.
You worshipped Cheibriados.
Cheibriados was most pleased with you.
You were completely stuffed.

You visited 2 branches of the dungeon, and saw 11 of its levels.
You also visited: Sewer.

You collected 613 gold pieces.

Inventory:

Hand Weapons
 I - a +1 whip of venom
 M - the +8 battleaxe of Jaisel (weapon) {vorpal, rPois rN+ Str-2 Int+7}
   (You took it off a gnoll on level 7 of the Dungeon)

   It inflicts extra damage upon your enemies.
   It affects your strength (-2).
   It affects your intelligence (+7).
   It protects you from poison.
   It protects you from negative energy.
 P - a +5 falchion of holy wrath
 R - a +3 vorpal mace
Missiles
 n - 28 boomerangs
 x - 50 poisoned darts (quivered)
Armour
 h - a +0 pair of boots (worn)
 p - a +2 buckler of fire resistance
 q - a +2 helmet (worn)
 u - a +2 cloak of invisibility (worn)
 y - a +2 ring mail of magic resistance (worn)
 C - a +1 pair of gloves (worn)
 D - a +0 crystal plate armour
Jewellery
 a - a ring of positive energy (left hand)
 s - an uncursed ring of fire
 t - an uncursed ring of ice
 v - an amulet of the gourmand (around neck)
 B - an uncursed ring of see invisible
 L - the ring of Jickuex (right hand) {rElec rPois rN+ MP-9 Str+4}
   (You took it off a gnoll on level 7 of the Dungeon)

   [ring of strength]

   It affects your strength (+4).
   It insulates you from electricity.
   It protects you from poison.
   It protects you from negative energy.
   It affects your magic capacity (-9).
Wands
 e - a wand of flame (31)
 o - a wand of iceblast (6)
 E - a wand of acid (6)
 O - a wand of digging (7)
 Q - a wand of clouds (8)
Scrolls
 b - 3 scrolls of fear
 i - 12 scrolls of identify
 k - 6 scrolls of remove curse
 l - 2 scrolls of enchant weapon
 F - a scroll of silence {unknown}
 G - a scroll of acquirement {unknown}
 H - 2 scrolls of enchant armour
 J - a scroll of teleportation {unknown}
 T - a scroll of brand weapon {unknown}
 V - 3 scrolls of blinking
 W - 2 scrolls of fog {unknown}
 Y - a scroll of magic mapping {unknown}
 Z - a scroll of vulnerability {unknown}
Potions
 c - a potion of agility {unknown}
 d - 10 potions of curing
 g - 2 potions of cancellation {unknown}
 j - 4 potions of heal wounds
 m - 5 potions of flight
 r - a potion of ambrosia {unknown}
 w - 3 potions of brilliance
 z - a potion of magic {unknown}
 A - a potion of invisibility {unknown}
 K - a potion of mutation {unknown}
Miscellaneous
 N - a tremorstone
 S - a sack of spiders
Comestibles
 f - 21 rations


   Skills:
 + Level 5.7 Fighting
 + Level 5.7 Short Blades
 + Level 5.7 Long Blades
 + Level 5.7 Axes
 + Level 5.7 Maces & Flails
 + Level 5.7 Polearms
 + Level 5.7 Staves
 + Level 5.7 Slings
 + Level 5.7 Bows
 + Level 5.7 Crossbows
 + Level 5.7 Throwing
 + Level 5.7 Armour
 + Level 5.7 Dodging
 + Level 6.2 Stealth
 + Level 5.7 Shields
 + Level 5.7 Unarmed Combat
 + Level 10.8 Spellcasting
 + Level 4.7 Conjurations
 + Level 4.7 Hexes
 + Level 4.7 Charms
 + Level 4.7 Summonings
 + Level 4.7 Necromancy
 + Level 4.7 Translocations
 + Level 4.7 Transmutations
 + Level 4.7 Fire Magic
 + Level 4.7 Ice Magic
 + Level 4.7 Air Magic
 + Level 6.1 Earth Magic
 + Level 6.1 Poison Magic
 + Level 6.2 Invocations
 + Level 6.3 Evocations


You had 29 spell levels left.
You knew the following spells:

 Your Spells              Type           Power        Failure   Level  Hunger
a - Sting                 Tmut/Pois      ####         1%          1    None

Your spell library contained the following spells:

 Spells                   Type           Power        Failure   Level  Hunger
 Animate Skeleton         Necr           N/A          1%          1    None
 Apportation              Tloc           #####.       1%          1    None
 Corona                   Hex            #####..      1%          1    None
 Infusion                 Chrm           ####         1%          1    None
 Summon Small Mammal      Summ           ####         1%          1    None
 Ensorcelled Hibernation  Hex/Ice        #####.       1%          2    None
 Shroud of Golubria       Chrm/Tloc      #####.       1%          2    None
 Song of Slaying          Chrm           #####...     1%          2    None
 Ignite Poison            Fire/Tmut/Pois #####...     1%          3    None
 Confusing Touch          Hex            #####...     2%          3    None
 Dazzling Flash           Conj/Hex       #####.       2%          3    None
 Lesser Beckoning         Tloc           #####.....   2%          3    None
 Ozocubu's Armour         Chrm/Ice       #####...     2%          3    None
 Spectral Weapon          Hex/Chrm       #####...     2%          3    None
 Tukima's Dance           Hex            #####...     2%          3    None


Dungeon Overview and Level Annotations

Branches:
Dungeon (10/15)            Temple (1/1) D:7           Sewer (visited)
   Lair: D:8-11         Orc: D:9-12

Altars:
Ashenzari
Cheibriados
Fedhas
Gozag
Hepliaklqana
Kikubaaqudgha
Makhleb
Nemelex Xobeh
Okawaru
Qazlal
Ru
Sif Muna
Trog
Uskayaw
Vehumet
Xom
Yredelemnul
Zin

Shops:
D:6 :   D:9 !

Annotations:
D:3 Eustachio
D:6 3 runed translucent doors, daodarkstar's ghost, novice DsFi
D:10 Gastronok


Innate Abilities, Weirdness & Mutations

Your experience applies equally to all skills.
You have very sharp teeth.
Your uncanny sense of smell can sniff out nearby items.


Message History

Gastronok is severely wounded.
You slash the quokka!
You kill the quokka!
The quokka's corpse disappears in a puff of smoke!
Gastronok gurgles.
Gastronok waves his eye-stalks in wide circles.
The air twists around and strikes you!!
You are too injured to fight recklessly!
You slice Gastronok!!
Gastronok is almost dead.
You slash Gastronok! You bite Gastronok.
Gastronok is almost dead.
Gastronok bites you!!
* * * LOW HITPOINT WARNING * * *
Press: ? - help, v - describe, . - travel
Here: Gastronok, wearing a +0 hat of see invisible (almost dead)
The floor.
Gastronok waves his eye-stalks in wide circles.
The air twists around and strikes you!!
You die...

#..........#.........#
+..........'.........#
#..........#.........#
#..#..######.........#
....#.......#.........#
....#.......#.........#
#.......#.........#
#.......'....>....#
#......@#.........#
##...§..#.........#
#....w.#.........#
#..§.§.#.........#
#......#.........#
#......#.........#
##.....#.........#
#.....#.........#
#.....#.........#


You could see Gastronok.

Vanquished Creatures
  A two-headed ogre (D:7)
  An ugly thing (D:7)
  Joseph (D:9)
  A troll (D:10)
  2 hippogriffs (D:8)
  A yak (D:7)
  A hungry ghost (D:7)
  Purgy (D:4)
  3 orc warriors
  3 phantoms
  3 black bears
  2 ice beasts
  4 ogres
  3 centaurs
  2 big kobolds
  5 bullfrogs
  3 scorpions
  5 wights (D:6)
  5 howler monkeys
  2 crimson imps
  Crazy Yiuf (D:3)
  A jelly (D:5)
  3 hounds
  10 orc priests
  13 orc wizards
  A centaur skeleton (D:5)
  A gnoll shaman (D:7)
  Terence (D:3)
  2 iguanas
  Natasha (twice) (D:2)
  8 worker ants
  4 hound skeletons
  Robin (D:2)
  A worker ant zombie (D:5)
  5 gnolls (D:7)
  2 river rats
  9 adders
  3 shadow imps
  An adder zombie (D:5)
  An adder skeleton (D:5)
  2 worms (D:2)
  5 leopard geckos
  39 orcs
  2 giant cockroaches
  6 hobgoblins
  6 jackals
  3 quokkas
  2 ball pythons (D:5)
  5 bats
  5 frilled lizards
  A giant cockroach zombie (D:5)
  10 goblins
  A jackal skeleton (D:7)
  14 kobolds
  A leopard gecko skeleton (D:5)
  17 rats
238 creatures vanquished.

Notes
Turn   | Place    | Note
-------+----------+-------------------------------------------
     0 | D:1      | Reached skill level 9 in Spellcasting
     0 | D:1      | ReteAZ the Gnoll Wanderer began the quest for the Orb.
     0 | D:1      | ReteAZ set off with the following items: a +2 dagger, a
                  | scroll of fear, a +0 robe, a ration; and the following
                  | spells available to memorise: Sting, Apportation, Ignite
                  | Poison, Lesser Beckoning
     0 | D:1      | Reached XP level 1. HP: 13/13 MP: 10/10
     2 | D:1      | Learned a level 1 spell: Sting
   249 | D:1      | Reached XP level 2. HP: 17/19 MP: 10/12
   561 | D:2      | Noticed Robin
   655 | D:2      | Killed Robin
   655 | D:2      | Reached XP level 3. HP: 21/25 MP: 7/13
   905 | D:2      | Reached skill level 1 in Invocations
  1246 | D:2      | Reached skill level 1 in Fighting
  1246 | D:2      | Reached skill level 1 in Short Blades
  1246 | D:2      | Reached skill level 1 in Long Blades
  1246 | D:2      | Reached skill level 1 in Axes
  1246 | D:2      | Reached skill level 1 in Maces & Flails
  1246 | D:2      | Reached skill level 1 in Polearms
  1246 | D:2      | Reached skill level 1 in Staves
  1246 | D:2      | Reached skill level 1 in Slings
  1246 | D:2      | Reached skill level 1 in Bows
  1246 | D:2      | Reached skill level 1 in Crossbows
  1246 | D:2      | Reached skill level 1 in Throwing
  1246 | D:2      | Reached skill level 1 in Armour
  1246 | D:2      | Reached skill level 1 in Dodging
  1246 | D:2      | Reached skill level 1 in Shields
  1246 | D:2      | Reached skill level 1 in Unarmed Combat
  1259 | D:2      | Reached XP level 4. HP: 13/32 MP: 9/15
  1469 | D:2      | Noticed Natasha
  1475 | D:2      | Killed Natasha
  1826 | D:2      | Noticed Natasha
  1832 | D:2      | Killed Natasha
  1832 | D:2      | Reached skill level 1 in Conjurations
  1832 | D:2      | Reached skill level 1 in Hexes
  1832 | D:2      | Reached skill level 1 in Charms
  1832 | D:2      | Reached skill level 1 in Summonings
  1832 | D:2      | Reached skill level 1 in Necromancy
  1832 | D:2      | Reached skill level 1 in Translocations
  1832 | D:2      | Reached skill level 1 in Transmutations
  1832 | D:2      | Reached skill level 1 in Fire Magic
  1832 | D:2      | Reached skill level 1 in Ice Magic
  1832 | D:2      | Reached skill level 1 in Air Magic
  1976 | D:3      | Noticed Terence
  2003 | D:3      | Reached XP level 5. HP: 37/37 MP: 13/16
  2010 | D:3      | Killed Terence
  2035 | D:3      | Found a radiant altar of Vehumet.
  2262 | D:3      | Found a runed translucent door.
  2263 | D:3      | Noticed Crazy Yiuf
  2713 | D:3      | Noticed a centaur
  2770 | D:3      | Killed a centaur
  2770 | D:3      | Reached XP level 6. HP: 16/44 MP: 16/18
  2989 | D:3      | Found a blossoming altar of Fedhas.
  3340 | D:3      | Killed Crazy Yiuf
  3640 | D:4      | Noticed Eustachio
  3919 | D:4      | Noticed Purgy
  3957 | D:4      | Killed Purgy
  4048 | D:4      | Found an opulent altar of Gozag.
  4629 | D:5      | Entered Level 5 of the Dungeon
  4660 | D:5      | Reached XP level 7. HP: 50/50 MP: 20/20
  4999 | D:5      | Found a glowing drain.
  5056 | Sewer    | Entered a sewer
  5228 | Sewer    | Found a glowing silver altar of Zin.
  5447 | D:5      | Found a hide-covered altar of Uskayaw.
  5627 | D:6      | Reached XP level 8. HP: 7/57 MP: 21/21
  6073 | D:6      | Noticed daodarkstar's ghost (novice DsFi)
  6450 | D:6      | Identified the cursed -5 buckler of Muebb {Int+6}
  6721 | D:6      | Found a runed translucent gate.
  6721 | D:6      | Found a runed translucent gate.
  6721 | D:6      | Found a runed translucent gate.
  6739 | D:6      | Reached skill level 10 in Spellcasting
  6790 | D:6      | Reached XP level 9. HP: 44/65 MP: 23/23
  6802 | D:6      | Reached skill level 5 in Earth Magic
  6802 | D:6      | Reached skill level 5 in Poison Magic
  7196 | D:6      | Found a shimmering blue altar of Sif Muna.
  7244 | D:6      | Found Qigi's Book Boutique.
  7867 | D:7      | Found a burning altar of Makhleb.
  8071 | D:7      | Reached skill level 5 in Evocations
  8091 | D:7      | Reached skill level 5 in Stealth
  8427 | D:7      | Identified the +8 battleaxe of Jaisel {vorpal, rPois rN+
                  | Str-2 Int+7}
  8427 | D:7      | Identified the ring of Jickuex {rElec rPois rN+ MP-9 Str+4}
  8491 | D:7      | Noticed a cyan ugly thing
  8491 | D:7      | Noticed a two-headed ogre
  8503 | D:7      | Killed a cyan ugly thing
  8503 | D:7      | Reached skill level 5 in Invocations
  8507 | D:7      | Killed a two-headed ogre
  8507 | D:7      | Reached XP level 10. HP: 25/73 MP: 15/24
  8939 | D:7      | Reached skill level 5 in Fighting
  8939 | D:7      | Reached skill level 5 in Short Blades
  8939 | D:7      | Reached skill level 5 in Long Blades
  8939 | D:7      | Reached skill level 5 in Axes
  8939 | D:7      | Reached skill level 5 in Maces & Flails
  8939 | D:7      | Reached skill level 5 in Polearms
  8939 | D:7      | Reached skill level 5 in Staves
  8939 | D:7      | Reached skill level 5 in Slings
  8939 | D:7      | Reached skill level 5 in Bows
  8939 | D:7      | Reached skill level 5 in Crossbows
  8939 | D:7      | Reached skill level 5 in Throwing
  8939 | D:7      | Reached skill level 5 in Armour
  8939 | D:7      | Reached skill level 5 in Dodging
  8939 | D:7      | Reached skill level 5 in Shields
  8939 | D:7      | Reached skill level 5 in Unarmed Combat
  9139 | D:7      | Found a staircase to the Ecumenical Temple.
  9288 | Temple   | Entered the Ecumenical Temple
  9325 | Temple   | Became a worshipper of Cheibriados the Contemplative
  9479 | D:8      | Reached * piety under Cheibriados
 10201 | D:8      | Reached ** piety under Cheibriados
 10274 | D:8      | Found a hazy altar of Hepliaklqana.
 10886 | D:9      | Found Siufasug's Distillery.
 11089 | D:9      | Noticed Joseph
 11094 | D:9      | Killed Joseph
 11166 | D:9      | Found a sacrificial altar of Ru.
 11177 | D:9      | Reached *** piety under Cheibriados
 11460 | D:10     | Entered Level 10 of the Dungeon
 11494 | D:10     | Noticed Gastronok
 11510 | D:10     | Killed from afar by Gastronok

Levels and vault maps discovered:
D:1:      roderic_dead_forest, layout_rooms
D:2:      layout_basic, uniq_robin, uniq_natasha
D:3:      layout_basic, lemuel_coloured_pillars_altar,
          overflow_temple_1_default, serial_bayou_pond_a, uniq_terence,
          uniq_crazy_yiuf_cottage
D:4:      layout_cave_pods, nicolae_gozag_seed_capital, uniq_eustachio,
          uniq_purgy
D:5:      layout_rooms, kennysheep_little_box, first_ration,
          portal_sewer_entry_a
D:6:      layout_layer_cave, led_sif_pool, serial_shops, shop,
          gammafunk_ghost_icy
D:7:      minmay_the_grid_triangle_9x9_rhombus_full
          [minmay_the_grid_triangle_9x9_shrine,
          minmay_the_grid_triangle_9x9_steps,
          minmay_the_grid_triangle_9x9_descending_squares,
          minmay_the_grid_triangle_9x9_zippers_horizontal,
          minmay_the_grid_triangle_9x9_windchime,
          minmay_the_grid_triangle_9x9_sparse_checkered,
          minmay_the_grid_triangle_9x9_swiss_cheese,
          minmay_the_grid_triangle_9x9_prize_insulated], layout_gridville,
          minmay_temple_entry_poolview
D:8:      layout_gridville, marbit_many_paths
D:9:      layout_basic, nicolae_overflow_crystal_walls, serial_shops,
          nicolae_shop_competitors_out_of_business, uniq_joseph
D:10:     layout_grid_maze, uniq_gastronok, uniq_fannar, uniq_erica, uniq_grum
Temple:   eino_temple_rhombus

Skill      XL: |  1  2  3  4  5  6  7  8  9 10 |
---------------+-------------------------------+-----
Spellcasting   | 10 | 10.8
Invocations    | 1 2 3 4 5 6 |  6.2
Fighting       | 1 2 3 4 5 |  5.7
Short Blades   | 1 2 3 4 5 |  5.7
Long Blades    | 1 2 3 4 5 |  5.7
Axes           | 1 2 3 4 5 |  5.7
Maces & Flails | 1 2 3 4 5 |  5.7
Polearms       | 1 2 3 4 5 |  5.7
Staves         | 1 2 3 4 5 |  5.7
Slings         | 1 2 3 4 5 |  5.7
Bows           | 1 2 3 4 5 |  5.7
Crossbows      | 1 2 3 4 5 |  5.7
Throwing       | 1 2 3 4 5 |  5.7
Armour         | 1 2 3 4 5 |  5.7
Dodging        | 1 2 3 4 5 |  5.7
Shields        | 1 2 3 4 5 |  5.7
Unarmed Combat | 1 2 3 4 5 |  5.7
Conjurations   | 1 2 3 4 |  4.7
Hexes          | 1 2 3 4 |  4.7
Charms         | 1 2 3 4 |  4.7
Summonings     | 1 2 3 4 |  4.7
Necromancy     | 1 2 3 4 |  4.7
Translocations | 1 2 3 4 |  4.7
Transmutations | 1 2 3 4 |  4.7
Fire Magic     | 1 2 3 4 |  4.7
Ice Magic      | 1 2 3 4 |  4.7
Air Magic      | 1 2 3 4 |  4.7
Earth Magic    | 4 5 6 |  6.1
Poison Magic   | 4 5 6 |  6.1
Evocations     | 3 4 5 6 |  6.3
Stealth        | 3 4 5 6 |  6.2

Action                   |  1- 3 |  4- 6 |  7- 9 | 10-12 || total
-------------------------+-------+-------+-------+-------++-------
Melee: Dagger            |    36 |     5 |       |       ||    41
       Bite              |     2 |    18 |    83 |    27 ||   130
       Whip              |       |     6 |       |       ||     6
       Trident           |       |   165 |   320 |       ||   485
       Falchion          |       |       |   200 |       ||   200
       Battleaxe         |       |       |     9 |   136 ||   145
       Mace              |       |       |       |    52 ||    52
       Punch             |       |       |       |     1 ||     1
Throw: Dart              |       |       |    21 |       ||    21
 Cast: Sting             |    50 |    32 |       |     4 ||    86
Evoke: Wand              |       |       |     7 |       ||     7
  Use: Scroll            |       |     6 |     1 |     4 ||    11
       Potion            |       |     3 |     4 |       ||     7
 Stab: Sleeping          |     1 |     1 |       |     3 ||     5
  Eat: Chunk             |     1 |     9 |    34 |     6 ||    50
       Ration            |       |       |     1 |       ||     1
Armor: Robe              |    10 |     2 |       |       ||    12
       Plate armour      |       |   172 |   331 |   156 ||   659
       Crystal plate arm |       |       |       |    22 ||    22
       Ring mail         |       |       |       |    12 ||    12
Dodge: Dodged            |    23 |    64 |   126 |   115 ||   328
Block: Buckler           |     4 |    55 |   174 |       ||   233
       Rpst.: Falchion   |       |       |    14 |       ||    14

Table legend:
 A = Non-vault XP
 B = Vault XP
 C = Vault XP percentage of total XP
 D = Non-vault monster count
 E = Vault monster count
 F = Vault count percentage of total count
                 A         B        C        D         E       F
            +---------+---------+-------+---------+---------+-------
      Total |    5547 |    3656 |  39.7 |     192 |      46 |  19.3
            +---------+---------+-------+---------+---------+-------
        D:1 |      17 |       0 |   0.0 |      16 |       0 |   0.0
        D:2 |      73 |      67 |  47.9 |      14 |      10 |  41.7
        D:3 |     144 |      82 |  36.3 |      17 |       2 |  10.5
        D:4 |      76 |     147 |  65.9 |       3 |       1 |  25.0
        D:5 |     373 |      20 |   5.1 |      18 |       6 |  25.0
        D:6 |    1471 |       0 |   0.0 |      35 |       0 |   0.0
        D:7 |     673 |    2396 |  78.1 |      22 |      14 |  38.9
        D:8 |    1745 |     384 |  18.0 |      50 |       2 |   3.8
        D:9 |     643 |     434 |  40.3 |      15 |       1 |   6.2
       D:10 |     332 |       0 |   0.0 |       2 |       0 |   0.0
      Sewer |       0 |     126 | 100.0 |       0 |      10 | 100.0
            +---------+---------+-------+---------+---------+-------
